 Dungeon Crawl Stone Soup version 0.27.0-1-g7a089689b8 (webtiles) character file.

Game seed: 8289236660462397013

121 ZARRMARR the Bolt Thrower (level 5, -2/32 HPs)
             Began as a Kobold Hunter on Aug 14, 2021.
             Slain by an ogre (17 damage)
             ... on level 3 of the Dungeon.
             The game lasted 00:10:04 (2155 turns).

ZARRMARR the Bolt Thrower (Kobold Hunter)           Turns: 2155, Time: 00:10:05

Health: -2/32      AC:  3    Str:  9    XL:     5   Next: 26%
Magic:  5/5        EV: 14    Int: 12    God:
Gold:   101        SH:  0    Dex: 17    Spells: 1/4 levels left

rFire    . . .     SeeInvis .   b - +0 short sword
rCold    . . .     Faith    .   (shield restricted)
rNeg     . . .     Spirit   .   c - +0 leather armour
rPois    .         Reflect  .   (no helmet)
rElec    .         Harm     .   (no cloak)
rCorr    .         Rampage  .   (no gloves)
Will     .....                  (no boots)
Stlth    +++.......             (no amulet)
HPRegen  0.10/turn              (no ring)
MPRegen  0.09/turn              (no ring)

@: about to teleport
A: small, no large weapons, nightstalker 3
a: no special abilities


You were on level 3 of the Dungeon.
You visited 1 branch of the dungeon, and saw 3 of its levels.

You collected 121 gold pieces.
You spent 20 gold pieces at shops.

Inventory:

Hand Weapons
 a - a +1 hand crossbow
 b - a +0 short sword (weapon)
Missiles
 d - 15 bolts
 f - 11 poisoned darts (quivered)
Armour
 c - a +0 leather armour (worn)
Scrolls
 e - a scroll of silence
 g - a scroll of teleportation
Potions
 h - 2 potions of heal wounds {unknown}
 i - a potion of brilliance {unknown}
 j - a potion of curing {unknown}


   Skills:
 + Level 2.8 Fighting
 + Level 1.8 Short Blades
 + Level 6.1 Crossbows
 + Level 1.4 Armour
 + Level 2.9 Dodging
 + Level 1.5 Stealth


You had one spell level left.
You knew the following spells:

 Your Spells              Type           Power      Damage    Failure   Level
a - Ozocubu's Armour      Ice            0%         N/A       80%         3

Your spell library contained the following spells:

 Spells                   Type           Power      Damage    Failure   Level
 Ozocubu's Refrigeration  Ice            0%         4d5       100%        7


Dungeon Overview and Level Annotations

Branches:
Dungeon (3/15)

Altars:
Hepliaklqana

Shops:
D:1 *


Innate Abilities, Weirdness & Mutations

You are small and have problems with some larger weapons.
You are completely attuned to the shadows.


Message History

You hit the adder but do no damage.
The adder is heavily wounded.
You feel sick. The adder bites you but does no damage.
You hit the adder.
The adder is almost dead.
You feel sick. The adder barely misses you.
You hit the adder.
You kill the adder!
You feel sick.
You start resting.
You feel sick.
You are no longer poisoned.
You start resting.
HP restored.
Unknown command.
Found a stone staircase leading up.
You see here an adder corpse.
f - 11 poisoned darts (gained 1)
There is a stone staircase leading up here.
Found a stone staircase leading down.
a - a +1 hand crossbow (weapon)
You now have 78 gold pieces (gained 12).
j - a metallic brown potion
g - 2 scrolls of teleportation (gained 1)
Found a hazy altar of Hepliaklqana.
You now have 93 gold pieces (gained 15).
There is a stone staircase leading down here.
You now have 101 gold pieces (gained 8).
Found 19 arrows.
An ogre comes into view. It is wielding a +0 giant club.
b - a +0 short sword (weapon)
You see here a lumpy coppery potion.
The helpless ogre fails to defend itself.
You puncture the ogre!
The ogre is moderately wounded.
The ogre hits you with a +0 giant club!!
Ouch! That really hurt!
As you read the scroll of teleportation, it crumbles to dust.
You feel strangely unstable. The ogre hits you with a +0 giant club!
Ouch! That really hurt!
You die...

#.##.###.####.##.###.###.
#.##..................#..
#†#####..#######.#####...
#<# #>.# #.#####.## #.#
#..# #......... #.# #..#
#.#####.#. #.# #..####
##.# #.#. #.# #.....#
#..## #.# ##@##.#
#.........
###O##.###..####
.............##
####..........##
##....!......
#.#.###...## #.#(# #.....
#. #.#### ##8


You could see an ogre.

Vanquished Creatures
  A howler monkey (D:2)
  5 adders
  A dart slug (D:1)
  9 ball pythons
  An endoplasm (D:1)
  A giant cockroach (D:2)
  5 goblins
  2 hobgoblins (D:1)
  2 kobolds (D:2)
  A quokka (D:2)
  2 bats (D:1)
  5 frilled lizards
  2 rats
37 creatures vanquished.

Notes
Turn   | Place    | Note
-------+----------+-------------------------------------------
     0 | D:1      | ZARRMARR the Kobold Hunter began the quest for the Orb.
     0 | D:1      | Reached XP level 1. HP: 12/12 MP: 1/1
    37 | D:1      | Reached skill level 5 in Crossbows
    57 | D:1      | Reached XP level 2. HP: 17/17 MP: 2/2
    63 | D:1      | Found Weceq's General Store.
   382 | D:1      | Found a faded altar of an unknown god.
   468 | D:1      | Reached skill level 1 in Short Blades
   855 | D:1      | Bought a scroll of identify for 20 gold pieces
   881 | D:2      | Reached XP level 3. HP: 14/21 MP: 3/3
  1429 | D:2      | Reached XP level 4. HP: 12/27 MP: 4/4
  1510 | D:2      | Reached skill level 6 in Crossbows
  1510 | D:2      | Reached skill level 1 in Armour
  1520 | D:2      | Reached XP level 5. HP: 19/31 MP: 5/5
  1982 | D:2      | Learned a level 3 spell: Ozocubu's Armour
  2105 | D:3      | Found a hazy altar of Hepliaklqana.
  2141 | D:3      | Noticed an ogre
  2155 | D:3      | Slain by an ogre

Illustrated notes

Levels and vault maps discovered:
D:1:      elethiomel_arrival_quiet, layout_basic, serial_shops,
          nicolae_diamond_shop, shapermc_ecumenical_altar_pompeii
D:2:      layout_basic
D:3:      layout_loops_ring, grunt_temple_overflow_magic_moments,
          mainiacjoe_overflow_boulevard, lemuel_crystal_altar, zin_purify,
          gammafunk_ghost_cemetery, minmay_ogre_servants

Skill      XL: |  1  2  3  4 |
---------------+-------------+-----
Crossbows      | 5 6 |  6.1
Short Blades   | 1 |  1.8
Armour         | 1 |  1.4
Fighting       | |  2.8
Dodging        | |  2.9
Stealth        | |  1.5

Action                   |  1- 3 |  4- 6 || total
-------------------------+-------+-------++-------
Melee: Short sword       |    35 |    21 ||    56
 Fire: Hand crossbow     |    33 |     8 ||    41
Throw: Dart              |       |     1 ||     1
  Use: Scroll            |     2 |     1 ||     3
 Stab: Sleeping          |     1 |     1 ||     2
Armor: Leather armour    |     5 |     1 ||     6
Dodge: Dodged            |    26 |    26 ||    52
